 Dungeon Crawl Stone Soup version 0.30.0-20-g3615ddf2f0 (webtiles) character file.

Game seed: 11612829188683773624

1060 qw the Chopper (level 8, -5/50 HPs)
             Began as a Gargoyle Fighter on June 1, 2023.
             Was a Follower of Okawaru.
             Slain by a two-headed ogre
             ... wielding a +0 great mace
              (13 damage)
             ... on level 5 of the Dungeon.
             The game lasted 00:02:22 (4606 turns).

qw the Chopper (Gargoyle Fighter)                   Turns: 4606, Time: 00:02:22

Health: -5/50      AC: 16    Str: 22    XL:     8   Next: 27%
Magic:  9/10       EV: 11    Int:  9    God:    Okawaru [*.....]
Gold:   77         SH:  5    Dex:  9    Spells: 7/7 levels left

rFire   . . .        Y - +0 war axe (elec)
rCold   . . .        c - +0 buckler
rNeg    + . .        b - +0 scale mail
rPois   inf          e - +0 helmet
rElec   +            (no cloak)
rCorr   .            (no gloves)
SInv    .            m - +0 pair of boots
Will    .....        (no amulet)
Stlth   +            (no ring)
HPRegen 0.28/turn    (no ring)
MPRegen 0.12/turn

%: no passive effects
@: heroic
A: sickness immunity, AC +5, negative energy resistance 1, electricity
resistance, torment resistance 1, petrification resistance
a: Renounce Religion, Heroism


You were on level 5 of the Dungeon.
You worshipped Okawaru.
Okawaru was aware of your devotion.
You visited 1 branch of the dungeon, and saw 5 of its levels.

You collected 313 gold pieces.
You spent 236 gold pieces at shops.


Innate Abilities, Weirdness & Mutations

You are immune to sickness and miasma.
Your stone body is resilient. (AC +5)
You are immune to poison.
You resist negative energy. (rN+)
You are resistant to electric shocks. (rElec)
You are resistant to unholy torment.
You are immune to petrification.


   Skills:
 - Level 5.4(10.4) Fighting
 + Level 7.1(12.1) Axes
 - Level 3.2(8.2) Armour
 - Level 1.0(6.0) Dodging
 - Level 3.2(8.2) Shields
 + Level 3.7 Invocations


You had 7 spell levels left.
You didn't know any spells.
Your spell library was empty.

Inventory:

Hand Weapons
 g - a +2 heavy flail
 Y - a +0 war axe of electrocution (weapon)
Armour
 a - a +0 plate armour
 b - a +0 scale mail (worn)
 c - a +0 buckler (worn)
 e - a +0 helmet (worn)
 m - a +0 pair of boots (worn)
 p - a +0 chain mail
Jewellery
 h - a ring of wizardry
Scrolls
 n - 2 scrolls of identify
 o - a scroll of immolation {unknown}
Potions
 d - a potion of might
 i - 4 potions of lignification
 j - 2 potions of resistance
 k - a potion of cancellation
 l - a potion of magic {unknown}

Dungeon Overview and Level Annotations

Branches:
Dungeon (5/15)             Temple (0/1) D:4

Altars:
Okawaru
Ru

Shops:
D:4 *


Message History

4548 ||| DROPPING +4 whip.
You drop a +4 whip.
You see here a scroll of amnesia.
A two-headed ogre comes into view.
It is wielding a +0 great mace and a +0 giant spiked club.
The two-headed ogre shouts in stereo!
Enter note:
Enter note:
Enter note:
Enter note:
Enter note:
Enter note:
Enter note:
Enter note:
Enter note:
Enter note:
Enter note:
Enter note:
Enter note:
4598 ||| INVOKING Heroism.
You gain the combat prowess of a mighty hero.
You hit the two-headed ogre.
The two-headed ogre is lightly wounded.
The two-headed ogre hits you but does no damage.
The two-headed ogre hits you with a +0 giant spiked club!
You completely miss the two-headed ogre.
The two-headed ogre is lightly wounded.
You barely miss the two-headed ogre.
The two-headed ogre is lightly wounded.
The two-headed ogre hits you with a +0 great mace!!
The two-headed ogre barely misses you.
You barely miss the two-headed ogre.
The two-headed ogre is lightly wounded.
You slash the two-headed ogre!
Lightning courses through the two-headed ogre!
The two-headed ogre is heavily wounded.
The two-headed ogre hits you with a +0 great mace!
The two-headed ogre closely misses you.
You hit the two-headed ogre.
The two-headed ogre is heavily wounded.
The two-headed ogre hits you with a +0 great mace!
You die...

#....#
#.#######.###
#.#### #+## #.# #
#.# #...# #.# #
#.### #.....
#.### #.#.##
#...... #.#.#
#....####.......
###....
#.......+.......
+......
#....####O......
####...
#.......@.......
##.#
#...######.#.....
### #.... .# ..#
#...# .# #+####
### ##.## .#
#.#.. ..## #. .#
#.#.# #.##
######.#.####
#.##
#...........#
#.## .##.....##.#
#.##


You could see a two-headed ogre.

Vanquished Creatures
  Sigmund (D:5)
  An orc warrior (D:5)
  2 phantoms (D:5)
  Blork the orc (D:5)
  A scorpion (D:5)
  4 hounds
  A gnoll bouda (D:5)
  A jelly (D:5)
  A sleepcap (D:4)
  2 orc wizards
  8 adders
  7 gnolls (D:5)
  2 worms
  5 dart slugs
  11 orcs
  7 endoplasms
  2 giant cockroaches
  7 goblins
  5 hobgoblins
  7 jackals
  10 kobolds
  5 quokkas
  9 ball pythons
  8 bats
  5 frilled lizards
  6 rats
119 creatures vanquished.

Notes
Turn   | Place    | Note
-------+----------+-------------------------------------------
     0 | D:1      | qw the Gargoyle Fighter began the quest for the Orb.
     0 | D:1      | Reached XP level 1. HP: 14/14 MP: 1/1
     0 | D:1      | 0 ||| qw: Version: 0.2-a-102-gdf20003
     0 | D:1      | 0 ||| qw: Game counter: 694
     0 | D:1      | 0 ||| qw: Always use a shield: true
     0 | D:1      | 0 ||| qw: God list: Okawaru
     0 | D:1      | 0 ||| qw: Allow faded altars: false
     0 | D:1      | 0 ||| qw: Do Orc after D:15 true
     0 | D:1      | 0 ||| qw: Do second Lair branch before Depths: true
     0 | D:1      | 0 ||| qw: Lair rune preference: random
     0 | D:1      | 0 ||| qw: Plans: Normal, Zot:1-4, Slime:5, God:TSO, Crypt,
                  | Tomb, Pan, Hells, Abyss, Win
     0 | D:1      | 0 ||| PLANNING D:1-11
    60 | D:1      | Reached skill level 2 in Axes
    66 | D:1      | 66 ||| Stepping ~*~*~tactically~*~*~ (stealth).
    74 | D:1      | Reached XP level 2. HP: 14/19 MP: 2/2
   167 | D:1      | 167 ||| DROPPING +0 club.
   177 | D:1      | 177 ||| Stepping ~*~*~tactically~*~*~ (stealth).
   186 | D:1      | 186 ||| Stepping ~*~*~tactically~*~*~ (stealth).
   207 | D:1      | 207 ||| Stepping ~*~*~tactically~*~*~ (hiding).
   338 | D:1      | Reached skill level 3 in Axes
   343 | D:1      | Reached XP level 3. HP: 21/23 MP: 3/3
   662 | D:1      | 662 ||| UPGRADING to +0 helmet.
   667 | D:1      | 667 ||| DROPPING orb of wrath.
   668 | D:1      | 668 ||| READING scroll labelled VESCHO CINIOSYQ.
   669 | D:1      | 669 ||| READING scroll labelled OTE OKAPRUCVU.
   713 | D:2      | 713 ||| Stepping ~*~*~tactically~*~*~ (hiding).
   714 | D:2      | 714 ||| Stepping ~*~*~tactically~*~*~ (hiding).
   773 | D:2      | 773 ||| Stepping ~*~*~tactically~*~*~ (stealth).
   908 | D:2      | Found an iron altar of Okawaru.
   909 | D:2      | 909 ||| PLANNING OKAWARU WORSHIP
   909 | D:2      | 909 ||| READING scroll labelled GYCOUPP ZAITZI.
   924 | D:2      | Became a worshipper of Warmaster Okawaru
   924 | D:2      | 924 ||| PLANNING D:1-11
   940 | D:2      | 940 ||| Stepping ~*~*~tactically~*~*~ (hiding).
  1131 | D:2      | Found a faded altar of an unknown god.
  1205 | D:2      | Reached XP level 4. HP: 27/28 MP: 4/4
  1486 | D:2      | Reached skill level 4 in Axes
  1591 | D:2      | 1591 ||| READING scroll labelled WISULUCAGRE.
  1592 | D:2      | 1592 ||| READING scroll labelled GEOVEO UDUREIR.
  1593 | D:2      | 1593 ||| READING scroll labelled YFEINI VAMM.
  1598 | D:2      | 1598 ||| DRINKING 2 viscous puce potions.
  1629 | D:3      | 1629 ||| STAIRDANCE
  1704 | D:3      | 1704 ||| Stepping ~*~*~tactically~*~*~ (stealth).
  1706 | D:3      | 1706 ||| Stepping ~*~*~tactically~*~*~ (stealth).
  1708 | D:3      | 1708 ||| Stepping ~*~*~tactically~*~*~ (stealth).
  1720 | D:3      | Reached XP level 5. HP: 19/32 MP: 5/5
  1777 | D:3      | 1777 ||| Stepping ~*~*~tactically~*~*~ (hiding).
  2070 | D:3      | 2070 ||| Stepping ~*~*~tactically~*~*~ (hiding).
  2541 | D:3      | 2541 ||| UPGRADING to +0 pair of boots.
  2546 | D:3      | 2546 ||| READING scroll labelled ORIRUOGONI.
  2547 | D:3      | 2547 ||| DRINKING 2 lumpy sapphire potions.
  2584 | D:4      | 2584 ||| Stepping ~*~*~tactically~*~*~ (stealth).
  2585 | D:4      | 2585 ||| Stepping ~*~*~tactically~*~*~ (stealth).
  2645 | D:4      | Found Tusugor's General Store.
  2658 | D:4      | Reached skill level 5 in Axes
  2705 | D:4      | 2705 ||| BUYING +2 whip of electrocution (236 gold).
  2705 | D:4      | Bought a +2 whip of electrocution for 236 gold pieces
  2705 | D:4      | 2705 ||| DROPPING +0 whip.
  2897 | D:4      | 2897 ||| Stepping ~*~*~tactically~*~*~ (stealth).
  2900 | D:4      | 2900 ||| Stepping ~*~*~tactically~*~*~ (hiding).
  2999 | D:4      | Reached XP level 6. HP: 29/38 MP: 6/6
  3064 | D:4      | 3064 ||| Stepping ~*~*~tactically~*~*~ (hiding).
  3066 | D:4      | 3066 ||| Stepping ~*~*~tactically~*~*~ (hiding).
  3080 | D:4      | Reached skill level 1 in Dodging
  3086 | D:4      | 3086 ||| DROPPING +2 whip of electrocution.
  3087 | D:4      | Found a staircase to the Ecumenical Temple.
  3300 | D:4      | 3300 ||| READING scroll labelled ETUKOEL ONAESH.
  3301 | D:4      | 3301 ||| DRINKING 2 fizzy golden potions.
  3302 | D:4      | 3302 ||| DRINKING 2 bubbling dark potions.
  3345 | D:4      | 3345 ||| DRINKING 2 green potions.
  3346 | D:4      | 3346 ||| READING 3 scrolls of identify.
  3346 | D:4      | 3346 ||| IDENTIFYING fizzy yellow potion
  3347 | D:4      | 3347 ||| READING 2 scrolls of identify.
  3347 | D:4      | 3347 ||| IDENTIFYING fuming pink potion
  3348 | D:4      | 3348 ||| DROPPING potion of flight.
  3349 | D:4      | 3349 ||| DROPPING potion of degeneration.
  3412 | D:5      | Entered Level 5 of the Dungeon
  3435 | D:5      | Reached * piety under Okawaru
  3436 | D:5      | 3436 ||| INVOKING Heroism.
  3451 | D:5      | 3451 ||| INVOKING Heroism.
  3455 | D:5      | Reached skill level 6 in Axes
  3518 | D:5      | Found a sacrificial altar of Ru.
  3524 | D:5      | Reached XP level 7. HP: 43/43 MP: 7/7
  3553 | D:5      | 3553 ||| DROPPING +0 flail.
  3573 | D:5      | 3573 ||| Stepping ~*~*~tactically~*~*~ (stealth).
  3575 | D:5      | 3575 ||| Stepping ~*~*~tactically~*~*~ (hiding).
  3588 | D:5      | HP: 2/43 [orc warrior/+0 trident (10)]
  3589 | D:5      | 3589 ||| DRINKING potion of heal wounds.
  3593 | D:5      | HP: 7/43 [orc warrior/+0 trident (6)]
  3595 | D:5      | HP: 3/43 [orc warrior/+0 trident (4)]
  3597 | D:5      | HP: 1/43 [orc warrior/+0 trident (3)]
  3765 | D:5      | 3765 ||| Stepping ~*~*~tactically~*~*~ (hiding).
  3792 | D:5      | Noticed Blork the orc
  3793 | D:5      | 3793 ||| Stepping ~*~*~tactically~*~*~ (hiding).
  3794 | D:5      | 3794 ||| Stepping ~*~*~tactically~*~*~ (hiding).
  3795 | D:5      | 3795 ||| INVOKING Heroism.
  3797 | D:5      | 3797 ||| INVOKING Heroism.
  3802 | D:5      | Killed Blork the orc
  3808 | D:5      | 3808 ||| FLEEEEING.
  3809 | D:5      | 3809 ||| FLEEEEING.
  3810 | D:5      | 3810 ||| FLEEEEING.
  3811 | D:5      | 3811 ||| FLEEEEING.
  3812 | D:5      | 3812 ||| FLEEEEING.
  3813 | D:5      | 3813 ||| FLEEEEING.
  3816 | D:5      | 3816 ||| FLEEEEING.
  3817 | D:5      | 3817 ||| FLEEEEING.
  3818 | D:5      | 3818 ||| FLEEEEING.
  3819 | D:5      | 3819 ||| FLEEEEING.
  3820 | D:5      | 3820 ||| FLEEEEING.
  3821 | D:5      | 3821 ||| FLEEEEING.
  3822 | D:5      | 3822 ||| FLEEEEING.
  3823 | D:5      | 3823 ||| FLEEEEING.
  3824 | D:5      | 3824 ||| FLEEEEING.
  3825 | D:5      | 3825 ||| FLEEEEING.
  3828 | D:5      | 3828 ||| FLEEEEING.
  3829 | D:5      | 3829 ||| FLEEEEING.
  3833 | D:5      | 3833 ||| FLEEEEING.
  3834 | D:5      | 3834 ||| FLEEEEING.
  3836 | D:5      | 3836 ||| FLEEEEING.
  3837 | D:5      | 3837 ||| FLEEEEING.
  3840 | D:5      | 3840 ||| FLEEEEING.
  3843 | D:5      | 3843 ||| FLEEEEING.
  3846 | D:5      | 3846 ||| FLEEEEING.
  3847 | D:5      | 3847 ||| FLEEEEING.
  3848 | D:5      | 3848 ||| FLEEEEING.
  3851 | D:5      | 3851 ||| FLEEEEING.
  3852 | D:5      | 3852 ||| FLEEEEING.
  3853 | D:5      | 3853 ||| FLEEEEING.
  3854 | D:5      | 3854 ||| FLEEEEING.
  3856 | D:5      | 3856 ||| FLEEEEING.
  3857 | D:5      | 3857 ||| FLEEEEING.
  3858 | D:5      | 3858 ||| FLEEEEING.
  3859 | D:5      | 3859 ||| FLEEEEING.
  3860 | D:5      | 3860 ||| FLEEEEING.
  3861 | D:5      | 3861 ||| FLEEEEING.
  3862 | D:5      | 3862 ||| FLEEEEING.
  3895 | D:5      | Reached skill level 7 in Axes
  3895 | D:5      | Reached skill level 1 in Invocations
  4117 | D:5      | Reached XP level 8. HP: 43/48 MP: 9/9
  4497 | D:5      | Noticed Sigmund
  4498 | D:5      | 4498 ||| Stepping ~*~*~tactically~*~*~ (hiding).
  4501 | D:5      | 4501 ||| INVOKING Heroism.
  4505 | D:5      | 4505 ||| DRINKING potion of curing.
  4505 | D:5      | 4505 ||| (to cure confusion)
  4510 | D:5      | Killed Sigmund
  4511 | D:5      | Reached skill level 3 in Invocations
  4548 | D:5      | 4548 ||| DROPPING +4 whip.
  4597 | D:5      | Noticed a two-headed ogre
  4598 | D:5      | 4598 ||| INVOKING Heroism.
  4605 | D:5      | HP: 7/50 [two-headed ogre/+0 great mace (15)]
  4606 | D:5      | Slain by a two-headed ogre

Levels and vault maps discovered:
D:1:      onia_arrival_pentagram, layout_basic
D:2:      layout_basic, dreamdust_ecumenical_altar_angels_and_demons,
          basic_altar, minmay_misc_feat_secret_circle, minmay_pentomino_o4
D:3:      cheibrodos_old_hovel, layout_loops_cross, minmay_fractal_squares_5
D:4:      layout_loops_ring, minmay_temple_entry_mist, serial_shops,
          kennysheep_little_box, grunt_decor_one_mirror, minmay_manual_moon
D:5:      layout_loops_corners, nicolae_ru_awakened_eye, grunt_ministairs_6,
          uniq_sigmund, uniq_blork_the_orc

Skill      XL: |  1  2  3  4  5  6  7  8 |
---------------+-------------------------+-----
Axes           | 2 3 4 5 6 7 |  7.1
Fighting       | 4 5 |  5.4
Dodging        | 1 |  1.0
Invocations    | 2 3 |  3.7
Armour         | |  3.2
Shields        | |  3.2

Action                     |  1- 3 |  4- 6 |  7- 9 || total
---------------------------+-------+-------+-------++-------
  Melee: War axe           |    82 |   173 |    87 ||   342
  Throw: Boomerang         |       |     2 |     1 ||     3
 Invoke: Heroism           |       |     2 |     3 ||     5
    Use: Scroll            |     3 |     7 |       ||    10
         Potion            |       |     5 |     2 ||     7
 Armour: Scale mail        |    35 |    93 |    31 ||   159
  Dodge: Dodged            |    35 |    77 |    36 ||   148
  Block: Buckler           |    15 |    27 |     7 ||    49

Table legend:
 A = Non-vault XP
 B = Vault XP
 C = Vault XP percentage of total XP
 D = Non-vault monster count
 E = Vault monster count
 F = Vault count percentage of total count
                 A         B        C        D         E       F
            +---------+---------+-------+---------+---------+-------
      Total |    1067 |     448 |  29.6 |     101 |      18 |  15.1
            +---------+---------+-------+---------+---------+-------
        D:1 |      48 |       0 |   0.0 |      25 |       0 |   0.0
        D:2 |      51 |      47 |  48.0 |      16 |       6 |  27.3
        D:3 |      46 |       4 |   8.0 |      20 |       3 |  13.0
        D:4 |     179 |      16 |   8.2 |      19 |       2 |   9.5
        D:5 |     743 |     381 |  33.9 |      21 |       7 |  25.0
            +---------+---------+-------+---------+---------+-------
